Map: [ESL] Crimson Court

Players

trigger

  • Race: Protoss Protoss
  • Spawn Location: 7:00

Astrea - Winner!

  • Race: Protoss Protoss
  • Spawn Location: 1:00

Event: ESL SC2 Masters 2024 Spring (Regional)

VOD

Have the link to the VOD?

Description

Time

  • Played on: April 18, 2024, 1:45 p.m.
  • Length: 17:08

All games in this series

Show
View Real Time Build Order
Export as new Build Order

trigger Protoss 

Build Orders: 1 Gate Expand, Phoenix Opening, Archon Immortal 

Get SALT Encoding   

  12  0:00  Probe  
  13  0:12  Probe  
  14  0:16  Pylon  
  14  0:24  Probe (Chrono Boost)  
  16  0:36  Probe (Chrono Boost), Gateway  
  16  0:43  Probe (Chrono Boost)  
  16  0:45  Assimilator  
  17  0:50  Probe  
  18  1:03  Probe  
  19  1:15  Probe  
  20  1:21  Nexus  
  20  1:27  Probe  
  21  1:34  Cybernetics Core  
  21  1:39  Assimilator  
  21  1:41  Probe  
  22  1:51  Pylon  
  22  1:53  Probe  
  23  2:07  Sentry  
  23  2:09  Warp Gate (Chrono Boost), Probe  
  26  2:21  Probe  
  26  2:22  Shield Battery  
  27  2:26  Sentry  
  27  2:29  Gateway  
  27  2:34  Probe (Chrono Boost)  
  31  2:39  Probe (Chrono Boost)  
  31  2:43  Probe (Chrono Boost)  
  32  2:47  Probe (Chrono Boost)  
  32  2:49  Probe (Chrono Boost)  
  32  2:50  Phoenix  
  34  2:55  Stalker (Chrono Boost)  
  34  2:58  Probe  
  37  3:02  Robotics Facility  
  37  3:05  Probe  
  37  3:12  Probe  
  39  3:19  Shield Battery  
  39  3:21  Probe  
  39  3:23  Sentry (Chrono Boost)  
  42  3:28  Pylon, Probe  
  44  3:34  Probe  
  44  3:35  Pylon  
  44  3:41  Probe  
  45  3:47  Observer  
  45  3:50  Probe (Chrono Boost)  
  45  3:51  Stalker x2  
  52  3:59  Probe (Chrono Boost)  
  52  4:02  Probe (Chrono Boost)  
  53  4:09  Probe x2  
  54  4:14  Phoenix  
  54  4:15  Immortal (Chrono Boost)  
  53  4:18  Assimilator  
  53  4:19  Assimilator  
  53  4:21  Phoenix, Stalker, Probe  
  60  4:26  Probe  
  60  4:29  Pylon  
  61  4:36  Pylon  
  61  4:41  Probe  
  62  4:48  Immortal (Chrono Boost)  
  66  4:53  Nexus, Probe x2  
  68  5:03  Stalker  
  68  5:05  Twilight Council  
  70  5:09  Pylon  
  70  5:18  Probe x2  
  70  5:19  Immortal (Chrono Boost)  
  72  5:26  Phoenix  
  76  5:29  Shield Battery  
  76  5:30  Probe x2  
  79  5:42  Probe  
  79  5:46  Stalker  
  79  5:48  Probe  
  79  5:49  Stalker  
  84  5:50  Pylon  
  84  5:59  Probe (Chrono Boost)  
  84  6:01  Probe (Chrono Boost)  
  86  6:05  Immortal  
  86  6:07  Probe (Chrono Boost)  
  92  6:12  Charge  
  92  6:13  Probe (Chrono Boost)  
  92  6:14  Forge  
  92  6:15  Probe (Chrono Boost)  
  92  6:16  Probe (Chrono Boost)  
  92  6:18  Probe (Chrono Boost)  
  92  6:21  Probe (Chrono Boost)  
  92  6:22  Probe  
  92  6:25  Gateway  
  95  6:26  Assimilator, Gateway  
  95  6:28  Probe (Chrono Boost)  
  91  6:39  Probe (Chrono Boost)  
  94  6:40  Probe x2 (Chrono Boost)  
  94  6:42  Gateway  
  94  6:45  Assimilator, Probe (Chrono Boost)  
  97  6:47  Phoenix, Probe x2 (Chrono Boost)  
  97  6:48  Gateway  
  97  6:49  Stalker  
  97  6:50  Stalker  
  97  6:51  Protoss Ground Weapons Level 1 (Chrono Boost)  
  98  6:56  Probe (Chrono Boost)  
  98  6:57  Probe (Chrono Boost)  
  101  7:02  Probe (Chrono Boost)  
  101  7:06  Photon Cannon  
  101  7:07  Pylon  
  102  7:11  Probe x2 (Chrono Boost)  
  102  7:13  Probe (Chrono Boost)  
  104  7:18  Probe  
  104  7:20  Templar Archives  
  104  7:21  Pylon  
  104  7:22  Photon Cannon  
  105  7:26  Warp Prism (Chrono Boost), Photon Cannon  
  107  7:32  Zealot  
  109  7:40  Gateway x2  
  109  7:49  Gateway  
  109  7:51  Gateway  
  108  8:03  High Templar x6  
  108  8:04  Immortal (Chrono Boost)  
  122  8:08  Pylon  
  119  8:14  Archon x2  
  119  8:15  Archon  
  118  8:21  Probe x3  
  118  8:24  Pylon  
  118  8:25  Pylon  
  121  8:33  High Templar  
  123  8:34  High Templar  
  123  8:35  High Templar x2  
  123  8:36  Zealot x2  
  123  8:40  Pylon, Archon  
  123  8:41  Archon  
  133  8:42  Immortal  
  133  8:45  Zealot x4  
  142  9:03  Stalker  
  144  9:10  High Templar x2  
  144  9:11  Zealot x6  
  144  9:15  Archon  
  147  9:24  Zealot  
  147  9:25  Immortal  
  147  9:31  Zealot x4  
  146  9:32  Zealot x2  
  140  9:39  Zealot  
  140  9:42  Zealot x2  
  134  9:47  Zealot  
  134  9:52  Zealot x3  
  98  10:09  High Templar x2  
  98  10:10  High Templar x4  
  98  10:12  Nexus  
  98  10:13  Archon  
  98  10:14  Archon, High Templar  
  106  10:18  Archon  
  108  10:23  Zealot  
  108  10:24  High Templar  
  108  10:25  Zealot, Observer  
  114  10:30  Archon  
  115  10:36  Probe  
  115  10:42  Zealot x6  
  126  10:44  Zealot  
  126  10:48  Blink (Chrono Boost)  
  128  10:50  Zealot x2  
  120  11:01  Probe  
  120  11:02  Probe x2  
  120  11:03  Observer  
  121  11:06  Zealot x5, Protoss Ground Weapons Level 2 (Chrono Boost)  
  121  11:14  Probe  
  121  11:15  Probe  
  121  11:16  Robotics Bay  
  119  11:22  Probe  
  119  11:25  Probe  
  121  11:26  Probe  
  121  11:29  Shield Battery  
  121  11:30  Probe  
  123  11:33  Unknown  
  123  11:34  Probe  
  123  11:36  High Templar x4  
  132  11:40  Probe  
  132  11:41  Archon, Probe  
  132  11:42  Archon  
  132  11:45  Photon Cannon  
  132  11:46  Zealot x2  
  134  12:02  Disruptor (Chrono Boost)  
  134  12:04  Robotics Facility  
  134  12:11  Probe  
  131  12:16  Zealot x5  
  131  12:17  Photon Cannon  
  139  12:27  Disruptor (Chrono Boost)  
  143  12:30  Pylon, Stalker x5  
  147  12:44  Robotics Facility  
  147  12:51  Disruptor (Chrono Boost)  
  147  12:53  Disruptor (Chrono Boost)  
  154  13:05  Stalker x9  
  154  13:10  Protoss Ground Armor Level 1  
  168  13:15  Unknown  
  171  13:28  Disruptor (Chrono Boost)  
  171  13:33  Disruptor (Chrono Boost)  
  161  13:37  Unknown  
  161  13:38  Stalker x3  
  161  13:48  Stalker x3  
  155  13:49  Zealot  
  155  13:58  Zealot x3, Disruptor  
  151  14:08  Observer  
  139  14:10  Stalker  
  139  14:11  Stalker x2  
  145  14:19  Disruptor  
  148  14:28  Disruptor  
  148  14:30  Stalker  
  148  14:31  Stalker x3  
  160  14:36  Unknown  
  156  14:39  Disruptor  
  156  14:52  Zealot x6  
  161  15:00  Disruptor  
  161  15:13  Probe x2  
  161  15:14  Probe x2  
  157  15:20  Disruptor  
  151  15:32  Nexus  
  151  15:41  Stalker x3  
  138  15:58  Stalker x2  
  138  16:03  Stalker  
  138  16:24  Pylon  
  138  16:35  Pylon  
Show
View Real Time Build Order
Export as new Build Order

Astrea Protoss - Winner!

Build Orders: Oracle Opening 

Get SALT Encoding   

  12  0:00  Probe  
  13  0:12  Probe  
  14  0:17  Pylon  
  14  0:24  Probe (Chrono Boost)  
  16  0:36  Probe (Chrono Boost), Gateway  
  16  0:42  Probe (Chrono Boost)  
  16  0:45  Assimilator  
  17  0:51  Probe  
  17  0:52  Assimilator  
  18  1:03  Probe (Chrono Boost)  
  19  1:05  Gateway  
  20  1:12  Probe (Chrono Boost)  
  20  1:17  Probe (Chrono Boost)  
  20  1:23  Cybernetics Core  
  21  1:29  Probe  
  21  1:31  Pylon  
  22  1:41  Probe  
  23  1:53  Probe  
  24  1:58  Warp Gate  
  24  1:59  Stalker x2  
  28  2:05  Probe  
  29  2:14  Pylon  
  29  2:25  Stargate  
  29  2:43  Nexus  
  29  2:47  Probe  
  29  2:59  Probe  
  30  3:06  Oracle (Chrono Boost)  
  30  3:11  Probe  
  34  3:23  Probe  
  34  3:24  Pylon  
  35  3:34  Oracle (Chrono Boost)  
  35  3:35  Probe  
  39  3:43  Robotics Facility  
  39  3:47  Probe  
  40  3:59  Probe  
  40  4:00  Probe  
  42  4:11  Oracle  
  42  4:12  Probe x2 (Chrono Boost)  
  47  4:21  Assimilator  
  47  4:23  Pylon  
  49  4:24  Probe x2 (Chrono Boost)  
  49  4:28  Shield Battery  
  49  4:31  Immortal  
  49  4:32  Probe x2 (Chrono Boost)  
  49  4:38  Probe  
  55  4:39  Probe  
  57  4:50  Probe  
  58  4:57  Nexus  
  58  4:58  Probe  
  59  5:00  Sentry  
  59  5:02  Probe  
  59  5:05  Pylon  
  62  5:07  Observer  
  62  5:10  Probe  
  62  5:13  Forge  
  64  5:14  Probe  
  64  5:18  Oracle  
  68  5:22  Probe  
  68  5:25  Pylon  
  68  5:26  Probe  
  68  5:27  Assimilator  
  70  5:31  Protoss Ground Weapons Level 1 (Chrono Boost)  
  70  5:35  Probe  
  71  5:40  Probe  
  71  5:41  Immortal (Chrono Boost)  
  76  5:43  Shield Battery  
  76  5:48  Probe  
  77  5:54  Probe  
  78  6:00  Probe  
  79  6:06  Robotics Bay, Probe  
  79  6:09  Probe  
  81  6:12  Probe  
  82  6:18  Probe  
  82  6:21  Probe  
  82  6:23  Stalker x2  
  82  6:24  Probe  
  89  6:30  Probe  
  90  6:33  Probe  
  90  6:36  Probe  
  90  6:38  Shield Battery  
  90  6:39  Photon Cannon  
  95  6:40  Oracle  
  95  6:42  Pylon  
  95  6:43  Probe  
  96  6:47  Pylon, Assimilator  
  96  6:55  Probe  
  96  6:57  Colossus (Chrono Boost)  
  96  6:58  Probe  
  104  7:01  Probe  
  104  7:03  Extended Thermal Lance  
  104  7:07  Gateway  
  105  7:12  Gateway  
  105  7:16  Gateway x2  
  105  7:17  Nexus  
  105  7:19  Observer  
  105  7:23  Photon Cannon  
  105  7:24  Shield Battery  
  105  7:26  Oracle  
  105  7:27  Pylon  
  108  7:33  Twilight Council  
  108  7:35  Probe x3  
  111  7:37  Assimilator  
  111  7:40  Colossus (Chrono Boost)  
  117  7:46  Photon Cannon  
  117  7:47  Probe  
  117  7:48  Probe  
  119  7:52  Pylon  
  119  7:53  Blink (Chrono Boost)  
  119  8:09  Protoss Ground Weapons Level 2 (Chrono Boost)  
  119  8:10  Probe  
  120  8:15  Observer  
  120  8:16  Probe  
  120  8:18  Unknown  
  120  8:19  Photon Cannon  
  121  8:22  Oracle, Photon Cannon  
  121  8:26  Pylon  
  124  8:27  Photon Cannon  
  124  8:30  Colossus (Chrono Boost)  
  124  8:31  Stalker x2  
  134  8:41  Forge  
  134  8:51  Stalker x4  
  139  9:05  Stalker x2  
  143  9:10  Protoss Ground Armor Level 1 (Chrono Boost)  
  143  9:14  Gateway  
  143  9:15  Stalker x3, Gateway  
  149  9:18  Gateway  
  149  9:19  Colossus (Chrono Boost)  
  146  9:29  Stalker x3  
  137  9:39  Stalker  
  137  9:41  Probe  
  137  9:44  Oracle  
  136  9:45  Probe  
  136  9:49  Pylon, Probe  
  136  9:51  Observer  
  136  9:54  Stalker x2  
  136  9:56  Zealot  
  136  9:59  Stalker x2  
  135  10:00  Probe  
  127  10:11  Nexus  
  127  10:13  Pylon  
  125  10:16  Shield Battery  
  125  10:19  Photon Cannon  
  125  10:20  Pylon  
  125  10:22  Pylon  
  125  10:23  Protoss Ground Weapons Level 3 (Chrono Boost)  
  125  10:31  Colossus  
  125  10:35  Photon Cannon  
  131  10:40  Photon Cannon x2  
  128  10:59  Stalker x6  
  128  11:02  Shield Battery  
  140  11:04  Pylon  
  140  11:13  Protoss Shields Level 1 (Chrono Boost)  
  140  11:22  Observer  
  140  11:23  Observer (Chrono Boost)  
  140  11:30  Probe x4  
  145  11:35  Stalker  
  147  11:41  Pylon  
  147  11:42  Probe  
  147  11:44  Pylon x2  
  148  11:54  Probe  
  148  11:58  Observer  
  148  12:01  Stalker x5  
  148  12:02  Stalker x4  
  160  12:23  Pylon  
  160  12:25  Pylon  
  160  12:27  Stalker x6  
  172  12:41  Observer  
  172  12:43  Stalker x3  
  179  12:55  Observer  
  179  13:00  Stalker x4  
  179  13:02  Protoss Ground Armor Level 2 (Chrono Boost)  
  179  13:05  Pylon  
  187  13:06  Pylon, Photon Cannon  
  186  13:22  Stalker  
  186  13:38  Stalker x8  
  186  13:39  Colossus  
  182  14:00  Stalker  
  156  14:10  Stalker x7  
  156  14:11  Stalker  
  172  14:33  Colossus  
  174  14:43  Stalker x8  
  174  14:44  Stalker  
  192  14:47  Dark Shrine  
  186  14:57  Nexus  
  186  15:09  Stalker  
  186  15:10  Stalker x5  
  191  15:18  Stalker x2  
  194  15:23  Oracle  
  197  15:43  Stalker  
  199  15:58  Pylon  
  197  16:25  Zealot x2  
  198  16:51  Zealot  
  190  17:03  Zealot x8  
Tags
 
Add a new tag
Caveats
  • Supply blocks, unpowered buildings, or Contaminate may cause inaccurate times.
  • Supply counts are checked every 10 seconds.